 Dungeon Crawl Stone Soup version 0.25-b1-37-g2669288c55 (webtiles) character file.

Game seed: 13105822416887186872

15533 Masnef the Frost Mage (level 12, -2/103 HPs)
             Began as a Ghoul Ice Elementalist on June 6, 2020.
             Was an Elder of Vehumet.
             Hit by a silver javelin thrown by a minotaur (17 damage)
             ... in a Gauntlet.
             The game lasted 00:49:48 (15176 turns).

Masnef the Frost Mage (Ghoul Ice Elementalist)     Turns: 15176, Time: 00:49:49

Health: -2/103     AC: 18    Str: 13    XL:     12   Next: 28%
Magic:  4/16       EV: 14    Int: 18    God:    Vehumet [****..]
Gold:   715        SH:  3    Dex: 15    Spells: 3/18 levels left

rFire    . . .     SeeInvis +   t - +5 trident "Hyalaun" {vorpal, Int+4}
rCold    + . .     Gourm    .   X - +0 buckler
rNeg     + + +     Faith    .   M - +3 leather armour
rPois    ∞         Spirit   .   O - +2 helmet {SInv}
rElec    .         Reflect  .   (no cloak)
rCorr    .         Harm     .   a - +2 pair of gloves
MR       .....     NoTele   +   v - +1 pair of boots
Stlth    ++........             S - amulet of magic regeneration
HPRegen  0.00/turn              f - +4 ring of protection
MPRegen  0.40/turn              V - +6 ring of dexterity

@: mighty, frozen ramparts, rotting
A: rotting body, claws 1, carnivore, cold resistance 1, negative energy
resistance 3, inhibited regeneration, torment resistance, unbreathing
a: Renounce Religion


You were in a Gauntlet.
You worshipped Vehumet.
Vehumet was greatly pleased with you.
You were hungry.

You visited 2 branches of the dungeon, and saw 12 of its levels.
You also visited: Gauntlet.

You collected 715 gold pieces.

Inventory:

Hand Weapons
 g - a +2 short sword of venom
 q - a +3 rapier of flaming
 t - the +5 trident "Hyalaun" (weapon) {vorpal, Int+4}
   (You found it on level 4 of the Dungeon)

   It inflicts extra damage upon your enemies.
   It affects your intelligence (+4).
Missiles
 C - 2 throwing nets (quivered)
Armour
 a - a +2 pair of gloves (worn)
 v - a +1 pair of boots (worn)
 A - a +0 helmet
 M - a +3 leather armour (worn)
 O - a +2 helmet of see invisible (worn)
 Q - +0 steam dragon scales
 R - a +1 robe of resistance
 X - a +0 buckler (worn)
Jewellery
 f - a +4 ring of protection (left hand)
 p - an uncursed ring of see invisible
 r - an uncursed ring of protection from magic
 I - an uncursed ring of protection from fire {unknown}
 J - an uncursed ring of resist corrosion
 S - an amulet of magic regeneration (around neck)
 V - a +6 ring of dexterity (right hand)
 W - the ring of Gaji {rF+ rN+}
   (You found it on level 9 of the Dungeon)

   [ring of protection from fire]

   It protects you from fire.
   It protects you from negative energy.
Wands
 k - a wand of digging (3)
 K - a wand of flame (15)
 P - a wand of iceblast (19)
 T - a wand of acid (3)
Scrolls
 b - 5 scrolls of teleportation
 d - 13 scrolls of remove curse
 e - 3 scrolls of fog {unknown}
 h - a scroll of random uselessness {unknown}
 i - 2 scrolls of identify
 l - 2 scrolls of enchant weapon {unknown}
 n - 3 scrolls of immolation {unknown}
 o - 4 scrolls of blinking
 x - 2 scrolls of enchant armour {unknown}
 y - 2 scrolls of amnesia {unknown}
 D - 2 scrolls of noise {unknown}
 F - a scroll of fear
 N - a scroll of summoning {unknown}
Potions
 j - 3 potions of stabbing
 m - 3 potions of lignification
 s - a potion of ambrosia {unknown}
 u - 2 potions of haste
 w - a potion of resistance {unknown}
 z - 3 potions of mutation
 B - 2 potions of curing
 E - a potion of flight {unknown}
 G - a potion of heal wounds
 H - a potion of brilliance
 Z - a potion of magic {unknown}
Miscellaneous
 Y - a box of beasts
Comestibles
 c - 27 rations


   Skills:
 * Level 8.9 Fighting
 - Level 7.3 Polearms
 * Level 6.1 Dodging
 - Level 2.1 Stealth
 + Level 0.1 Shields
 * Level 3.9 Spellcasting
 * Level 2.8 Conjurations
 - Level 6.0 Summonings
 + Level 13.1 Ice Magic
 - Level 2.0 Poison Magic


You had 3 spell levels left.
You knew the following spells:

 Your Spells              Type           Power        Failure   Level  Hunger
a - Freeze                Ice            ####         1%          1    None
b - Frozen Ramparts       Ice            ######       1%          3    ###....
c - Summon Ice Beast      Ice/Summ       #####...     6%          4    ####...
d - Hailstorm             Conj/Ice       ####....     3%          4    ####...
e - Mephitic Cloud        Conj/Pois/Air  #.......     13%         3    ###....

Your spell library contained the following spells:

 Spells                   Type           Power        Failure   Level  Hunger
 Ignite Poison            Fire/Tmut/Pois #.......     19%         3    ###....
 Ozocubu's Armour         Chrm/Ice       ####....     6%          3    ###....
 Sticks to Snakes         Tmut           #.......     43%         2    ##.....
 Beastly Appendage        Tmut           Unusable     N/A         1    N/A
 Spider Form              Tmut/Pois      Unusable     N/A         3    N/A
 Ice Form                 Ice/Tmut       Unusable     N/A         4    N/A
 Blade Hands              Tmut           Unusable     N/A         5    N/A

Dungeon Overview and Level Annotations

Branches:
Dungeon (11/15)            Temple (1/1) D:7            Lair (0/6) D:9
Gauntlet (1/1)
    Orc: D:9-12

Altars:
Ashenzari
Cheibriados
Dithmenos
Elyvilon
Fedhas
Gozag
Hepliaklqana
Kikubaaqudgha
Makhleb
Nemelex Xobeh
Okawaru
Qazlal
Ru
Sif Muna
Trog
Uskayaw
Vehumet
Wu Jian
Xom
Yredelemnul
Zin
The Shining One

Shops:
D:10 (

Annotations:
D:4 Blork the orc Gauntlet 6 transporters


Innate Abilities, Weirdness & Mutations

Your body is rotting away.
You thrive on raw meat.
You are immune to poison.
You have sharp fingernails.
You are carnivorous and can eat meat at any time.
Your flesh is cold resistant. (rC+)
You are immune to negative energy. (rN+++)
You do not regenerate when monsters are visible.
You are immune to unholy pain and torment.
You can survive without breathing.


Message History

Unknown command.
You swap places.
Your ice beast hits the minotaur but does no damage.
Unknown command.
Casting: Summon Ice Beast (dangerous; 6% risk of failure)
Confirm with . or Enter, or press ? or * to list all spells.
You don't have enough magic to cast that spell.
The wall freezes the minotaur!
The minotaur throws a silver javelin.
The silver javelin pierces through your ice beast!!
The silver javelin pierces through you!!
* * * LOW HITPOINT WARNING * * *
x2 Your ice beast closely misses the minotaur.
The minotaur furiously retaliates!
The minotaur headbutts your ice beast!
Your ice beast barely misses the minotaur.
You feel better.
The wall freezes the minotaur!
The minotaur throws a silver javelin.
The silver javelin pierces through your ice beast!
Your ice beast dies!
The silver javelin pierces through you!
You die...

.#.###.#}#..##
##..#...!#..≈##..#
©##.#©#.©#..###...
###...#.h#..≈##..##
.###h###h#..###.(.
.#b.h.b..#..#.(..#
.#########..#©...# #
..........∩.#....# .#
............#...@###H
##########..#©...#..
#.......##..#..Y.#.# ###
.#.....#.#..###YH#.#.....
..#...#..#..≈##.........8
...#.#...#..###..###.##.#
...©#...§#..≈##...
...#.#...#..###(.##
..#...#..#..≈#####


You could see a minotaur and 2 friendly ice beasts.

Vanquished Creatures
  An entropy weaver (Gauntlet)
  Harold (D:10)
  A two-headed ogre (D:9)
  A tengu warrior (D:10)
  An ugly thing (D:10)
  A wolf spider (Gauntlet)
  Maurice (D:10)
  Psyche (D:10)
  2 trolls
  A queen bee (Gauntlet)
  A jumping spider (Gauntlet)
  Prince Ribbit (D:5)
  A hornet (D:11)
  2 hippogriffs
  A redback (Gauntlet)
  A wyvern (D:9)
  10 yaks
  A steam dragon (D:8)
  2 wargs (D:9)
  A water moccasin (D:7)
  A phantom (D:9)
  3 sky beasts
  5 orc warriors
  2 ice beasts
  An eye of draining (D:9)
  A necrophage (D:7)
  5 ogres
  8 centaurs
  6 wolves (Gauntlet)
  8 bullfrogs
  A wyvern skeleton (D:9)
  2 scorpions (D:4)
  3 wights (D:6)
  28 killer bees
  A howler monkey (D:7)
  A nameless horror (D:9)
  A vampire bat (D:3)
  5 crimson imps
  A bullfrog zombie (D:5)
  6 hounds
  2 jellies
  A bullfrog skeleton (D:5)
  12 orc priests
  A centaur skeleton (D:8)
  15 orc wizards
  7 worker ants
  6 iguanas
  A killer bee zombie (D:5)
  A hound skeleton (D:10)
  Robin (D:2)
  6 gnolls
  7 adders
  2 shadow imps
  An ooze (D:2)
  2 adder skeletons
  2 dart slugs
  3 fire bats (D:3)
  6 leopard geckos
  35 orcs
  2 spectral bats (D:3)
  3 bat skeletons (D:3)
  A bat zombie (D:3)
  6 giant cockroaches
  12 goblins
  10 hobgoblins
  14 jackals
  6 quokkas
  16 bats
  A bat simulacrum (D:3)
  4 frilled lizards
  2 gnoll zombies (D:6)
  8 kobolds
  A leopard gecko skeleton (D:4)
  5 rats
  A plant (Gauntlet)
324 creatures vanquished.

Vanquished Creatures (collateral kills)
  A moth of wrath (Gauntlet)
  A gargoyle (D:10)
  A yak (D:10)
  An orc warrior (D:8)
  A killer bee (D:9)
  An orc priest (D:9)
  An orc wizard (D:8)
  A gnoll (D:6)
  2 orcs
10 creatures vanquished.

Vanquished Creatures (others)
  A jackal (D:10)
  6 fungi (Gauntlet)
  15 plants (Gauntlet)
22 creatures vanquished.

Grand Total: 356 creatures vanquished

Notes
Turn   | Place    | Note
-------+----------+-------------------------------------------
     0 | D:1      | Masnef the Ghoul Ice Elementalist began the quest for the
                  | Orb.
     0 | D:1      | Reached XP level 1. HP: 14/14 MP: 2/2
   412 | D:1      | Reached XP level 2. HP: 19/20 MP: 0/3
   637 | D:1      | Reached skill level 5 in Ice Magic
  1024 | D:2      | Noticed Robin
  1268 | D:1      | Reached XP level 3. HP: 14/26 MP: 0/4
  1726 | D:2      | Killed Robin
  2010 | D:2      | Reached skill level 6 in Ice Magic
  2052 | D:2      | Reached XP level 4. HP: 31/33 MP: 5/5
  2141 | D:2      | Learned a level 3 spell: Frozen Ramparts
  2621 | D:3      | Reached XP level 5. HP: 33/38 MP: 6/6
  2658 | D:3      | Reached skill level 7 in Ice Magic
  2972 | D:3      | Reached XP level 6. HP: 41/45 MP: 4/7
  3817 | D:3      | Reached skill level 8 in Ice Magic
  4169 | D:4      | Found a blossoming altar of Fedhas.
  4294 | D:4      | Learned a level 4 spell: Summon Ice Beast
  4359 | D:4      | Noticed Blork the orc
  5288 | D:4      | Got a crystal trident
  5289 | D:4      | Identified the +5 trident "Hyalaun" {vorpal, Int+4} (You
                  | found it on level 4 of the Dungeon)
  5336 | D:5      | Entered Level 5 of the Dungeon
  5357 | D:5      | Reached XP level 7. HP: 42/49 MP: 6/8
  5442 | D:5      | Reached skill level 9 in Ice Magic
  5445 | D:5      | Reached skill level 1 in Summonings
  5523 | D:5      | Reached skill level 1 in Polearms
  5943 | D:5      | Reached XP level 8. HP: 48/56 MP: 9/9
  6015 | D:5      | Noticed a hippogriff
  6022 | D:5      | Killed a hippogriff
  6312 | D:5      | Noticed Prince Ribbit
  6317 | D:5      | Killed Prince Ribbit
  6317 | D:5      | Reached skill level 10 in Ice Magic
  6897 | D:6      | Reached skill level 5 in Polearms
  7128 | D:6      | Reached XP level 9. HP: 61/62 MP: 8/10
  7488 | D:6      | Found a basalt altar of Yredelemnul.
  7574 | D:6      | Found a sparkling altar of Nemelex Xobeh.
  8298 | D:6      | Found a white marble altar of Elyvilon.
  8298 | D:6      | Found an iron altar of Okawaru.
  8407 | D:7      | Reached skill level 1 in Fighting
  8952 | D:7      | Found a faded altar of an unknown god.
  8952 | D:7      | Found a bloodstained altar of Trog.
  8957 | D:7      | Found a sparkling altar of Nemelex Xobeh.
  8959 | D:7      | Found a shadowy altar of Dithmenos.
  8960 | D:7      | Found a glowing golden altar of the Shining One.
  9298 | D:7      | Found a staircase to the Ecumenical Temple.
  9304 | Temple   | Entered the Ecumenical Temple
  9390 | Temple   | Became a worshipper of Vehumet
  9677 | D:7      | Reached skill level 11 in Ice Magic
  9677 | D:7      | Reached XP level 10. HP: 73/75 MP: 1/12
 10019 | D:8      | Reached * piety under Vehumet
 10019 | D:8      | Offered knowledge of Shock by Vehumet.
 10029 | D:8      | Learned a level 4 spell: Hailstorm
 10299 | D:8      | Noticed an angel
 10300 | D:8      | Found a glowing silver altar of Zin.
 10334 | D:8      | Found a burning altar of Makhleb.
 11105 | D:9      | Got a flickering tin ring
 11107 | D:9      | Identified the ring of Gaji {rF+ rN+} (You found it on
                  | level 9 of the Dungeon)
 11118 | D:9      | Found a snail-covered altar of Cheibriados.
 11442 | D:9      | Offered knowledge of Searing Ray by Vehumet.
 11519 | D:9      | Found a staircase to the Lair.
 11543 | D:9      | Reached skill level 5 in Fighting
 11597 | D:9      | Reached ** piety under Vehumet
 12009 | D:9      | Reached skill level 5 in Summonings
 12018 | D:9      | Reached XP level 11. HP: 87/89 MP: 14/14
 12374 | D:9      | Reached skill level 12 in Ice Magic
 12453 | D:9      | Offered knowledge of Mephitic Cloud by Vehumet.
 12517 | D:9      | Found an opulent altar of Gozag.
 12522 | D:9      | Learned a level 3 spell: Mephitic Cloud
 12527 | D:9      | Noticed a two-headed ogre
 12535 | D:9      | Killed a two-headed ogre
 12834 | D:10     | Entered Level 10 of the Dungeon
 12852 | D:10     | Reached skill level 1 in Poison Magic
 12853 | D:10     | Reached skill level 1 in Conjurations
 12908 | D:10     | Reached *** piety under Vehumet
 12909 | D:10     | Reached skill level 5 in Dodging
 12999 | D:10     | Noticed Psyche
 13005 | D:10     | Killed Psyche
 13080 | D:10     | Noticed Harold
 13264 | D:10     | Killed Harold
 13415 | D:10     | Noticed Maurice
 13416 | D:10     | Noticed a cyan ugly thing
 13442 | D:10     | Killed a cyan ugly thing
 13452 | D:10     | Killed Maurice
 13660 | D:10     | Offered knowledge of Ignite Poison by Vehumet.
 13741 | D:10     | Found a shimmering blue altar of Sif Muna.
 13995 | D:10     | Found Onovaoc's Weapon Boutique.
 14217 | D:10     | Noticed a tengu warrior
 14226 | D:10     | Killed a tengu warrior
 14375 | D:11     | Found a gate leading to a gauntlet.
 14384 | Gauntlet | Entered a Gauntlet
 14384 | Gauntlet | Found a transporter.
 14384 | Gauntlet | Found a transporter.
 14384 | Gauntlet | Found a transporter.
 14384 | Gauntlet | Noticed a moth of wrath
 14385 | Gauntlet | Noticed a death ooze
 14394 | Gauntlet | Found a transporter.
 14397 | Gauntlet | Found a transporter.
 14406 | Gauntlet | Found a transporter.
 14408 | Gauntlet | Found a transporter.
 14414 | Gauntlet | Noticed a hell hog
 14416 | Gauntlet | Found a transporter.
 14434 | Gauntlet | Found a transporter.
 14434 | Gauntlet | Noticed an entropy weaver
 14435 | Gauntlet | Noticed a wolf spider
 14451 | Gauntlet | Found a transporter.
 14454 | Gauntlet | Found a transporter.
 14464 | Gauntlet | Found a transporter.
 14557 | Gauntlet | Killed a moth of wrath
 14557 | Gauntlet | Reached XP level 12. HP: 42/100 MP: 3/15
 14902 | Gauntlet | Reached skill level 13 in Ice Magic
 14909 | Gauntlet | Killed an entropy weaver
 14909 | Gauntlet | Reached **** piety under Vehumet
 15154 | Gauntlet | Identified the ring "Muxiokil" {*Tele rPois Slay+2}
 15154 | Gauntlet | Noticed a minotaur
 15176 | Gauntlet | Hit by a silver javelin thrown by a minotaur

Illustrated notes

Levels and vault maps discovered:
D:1:      roderic_dead_forest, layout_loops_ring
D:2:      minmay_angry_zag, layout_loops_cross, serial_glass, glass_columns_c,
          glass_columns_b, uniq_robin
D:3:      layout_basic, portal_sewer_entry_d, goddamned_bats
D:4:      layout_layer_cave, fedhas_altar_4, first_ration, minmay_between,
          uniq_blork_the_orc
D:5:      layout_loops_corners, serial_rivers, chequers_serial_rivers_micro_a,
          chequers_serial_rivers_small_a, chequers_serial_rivers_marsh,
          chequers_serial_rivers_micro_d, uniq_prince_ribbit1
D:6:      layout_loops_corners, lemuel_zombie_altar_yredelemnul,
          gammafunk_temple_overflow_elements, nicolae_lava_and_water,
          nemelex_xobeh_ov_fountains_minmay
D:7:      layout_loops_cross, chequers_temple_overflow_minitemple,
          minmay_temple_entry_enclosed_plants
D:8:      layout_rooms, zin_angel, old_standard_altar
D:9:      layout_stronghold, cheibriados_altar_1, lemuel_doored_altar,
          erik_lair_orcish_takeover
D:10:     layout_basic, serial_shops, shop, grunt_tengu_nest, led_sif_book,
          uniq_harold, uniq_psyche, uniq_maurice
D:11:     layout_gridville, ebering_ghost_disaster_area, gauntlet_entry_generic
Temple:   jpeg_temple_alley_garden
Gauntlet: minmay_gauntlet_mixed_big_or_small [gammafunk_gauntlet_arena_hedges,
          minmay_gauntlet_arena_77_two_lines, gammafunk_gauntlet_arena_chambers,
          minmay_gauntlet_arena_77_mess, nicolae_gauntlet_arena_x,
          minmay_gauntlet_arena_77_broken_ladder,
          nicolae_gauntlet_exit_dead_adventurers]

Skill      XL: |  1  2  3  4  5  6  7  8  9 10 11 12 |
---------------+-------------------------------------+-----
Ice Magic      | 5 6 7 8 9 10 11 12 13 | 13.1
Summonings     | 1 2 4 5 6 |  6.0
Polearms       | 2 5 7 |  7.3
Dodging        | 2 4 5 6 |  6.1
Fighting       | 3 6 8 |  8.9
Spellcasting   | 2 3 |  3.9
Poison Magic   | 2 |  2.0
Conjurations   | 2 |  2.8
Stealth        | |  2.1
Shields        | |  0.1

Action                   |  1- 3 |  4- 6 |  7- 9 | 10-12 || total
-------------------------+-------+-------+-------+-------++-------
Melee: Unarmed           |    25 |       |       |       ||    25
       Short sword       |    55 |   135 |       |       ||   190
       Trident           |       |    11 |   252 |   337 ||   600
 Cast: Freeze            |    20 |    15 |    19 |    19 ||    73
       Frozen Ramparts   |       |     4 |    21 |    36 ||    61
       Summon Ice Beast  |       |       |     2 |    21 ||    23
       Hailstorm         |       |       |       |     7 ||     7
       Mephitic Cloud    |       |       |       |     2 ||     2
Evoke: Wand              |       |       |       |     2 ||     2
  Use: Scroll            |       |       |       |    12 ||    12
       Potion            |       |       |       |     4 ||     4
 Stab: Sleeping          |     4 |     4 |     7 |     4 ||    19
       Distracted        |       |       |       |     2 ||     2
       Confused          |       |       |       |     1 ||     1
  Eat: Chunk             |     3 |    11 |    19 |    25 ||    58
       Ration            |       |       |       |     1 ||     1
Armor: Robe              |    20 |    56 |    53 |       ||   129
       Leather armour    |       |       |     4 |   135 ||   139
Dodge: Dodged            |    64 |   167 |   129 |   216 ||   576
Block: Buckler           |       |       |       |     7 ||     7
